 Seeded DCSS version 0.28-a0-1447-ga5a8893891 (webtiles) character file.

Game seed: 20220111 (custom seed)

56 flotson the Chopper (level 3, -4/28 HPs)
             Began as a Demonspawn Gladiator on Jan 11, 2022.
             Slain by a scorpion (7 damage)
             ... on level 4 of the Dungeon.
             The game lasted 00:03:31 (2545 turns).

flotson the Chopper (Demonspawn Gladiator)          Turns: 2545, Time: 00:03:32

Health: -4/28      AC:  6    Str: 16    XL:     3   Next: 71%
Magic:  3/3        EV: 13    Int:  9    God:
Gold:   56         SH:  0    Dex: 14    Spells: 2/2 levels left

rFire   . . .      SeeInvis .   b - +0 trident
rCold   . . .      Faith    .   (no shield)
rNeg    + . .      Spirit   .   g - +0 ring mail
rPois   .          Reflect  .   c - +0 helmet
rElec   .          Harm     .   (no cloak)
rCorr   .          Rampage  .   (no gloves)
Will    .....                   (no boots)
Stlth   ..........              (no amulet)
HPRegen 0.09/turn               j - ring of positive energy
MPRegen 0.08/turn               (no ring)

@: confused, lethally poisoned (-4 -> -20), ambrosia-drunk
A: repulsion field 1, powered by death 1
a: no special abilities


You were on level 4 of the Dungeon.
You visited 1 branch of the dungeon, and saw 4 of its levels.

You collected 56 gold pieces.

Inventory:

Hand Weapons
 a - a +0 war axe
 b - a +0 trident (weapon)
Missiles
 l - 12 poisoned darts (quivered)
Armour
 c - a +0 helmet (worn)
 g - a +0 ring mail (worn)
Jewellery
 j - a ring of positive energy (left hand)
Scrolls
 f - 3 scrolls of identify {unknown}
 h - a scroll of fear {unknown}
 i - a scroll of fog {unknown}
Potions
 e - a potion of cancellation


   Skills:
 + Level 2.5 Fighting
 + Level 3.1 Axes
 + Level 2.3 Throwing
 + Level 1.1 Armour
 + Level 3.0 Dodging


You had 2 spell levels left.
You didn't know any spells.
Your spell library contained the following spells:

 Spells                   Type           Power      Damage    Failure   Level
 Corpse Rot               Necr/Air       0%         N/A       75%         2
 Poisonous Vapours        Pois/Air       0%         N/A       75%         2
 Frozen Ramparts          Ice            0%         1d2       93%         3
 Ice Form                 Ice/Tmut       0%         N/A       100%        4
 Summon Ice Beast         Ice/Summ       0%         N/A       100%        4


Dungeon Overview and Level Annotations

Branches:
Dungeon (3/15)

Altars:


Innate Abilities, Weirdness & Mutations

You are surrounded by a mild repulsion field. (EV +2)
You regenerate a little health from kills.


Message History

You are poisoned.
The scorpion poisons you!
The scorpion stings you but does no damage.
Throw: 2 throwing nets
Press: ? - help, Q - select action, (/) - cycle Shift-Dir - straight line, f/p - scorpion
Aim: a scorpion (severely wounded, 60% to hit)
You throw a throwing net.
The throwing net barely misses the scorpion.
You feel sick. The scorpion stings you!
You are lethally poisoned!
The scorpion poisons you!
Throw: throwing net
Press: ? - help, Q - select action, (/) - cycle Shift-Dir - straight line, f/p - scorpion
Aim: a scorpion (severely wounded, 60% to hit)
You throw a throwing net.
The throwing net closely misses the scorpion.
* * * LOW HITPOINT WARNING * * *
You feel very sick. The scorpion barely misses you.
Unknown command.
It was a potion of ambrosia.
You are confused.
You feel invigorated.
You feel very sick. The scorpion stings you.
* * * LOW HITPOINT WARNING * * *
You miss the scorpion.
The scorpion is severely wounded.
* * * LOW HITPOINT WARNING * * *
You feel very sick. The scorpion stings you.
* * * LOW HITPOINT WARNING * * *
You are more poisoned.
The scorpion poisons you!
The scorpion stings you but does no damage.
You bump into the rock wall.
* * * LOW HITPOINT WARNING * * *
You feel very sick. The scorpion stings you!
You die...

#. ######.#.#.#. #.
#......#####.
#####.#+#......#####)
#...#......###.#...#.
..........## #.#.#.#.
#..........# #...#...
##.##.....# ########
...###.#......# .##.
#.....@.####.# .....
#####s#.# .# .####
#.#.# .# .... .....
.. .... ...#..# #
###. #....(.≈ #.
.###.#≈≈≈ #. .. . ≈≈≈
..


You could see a scorpion.

Vanquished Creatures
  2 adders (D:2)
  6 endoplasms
  3 goblins (D:1)
  3 hobgoblins
  3 kobolds
  2 quokkas (D:1)
  3 ball pythons
  5 bats
  5 frilled lizards
  4 rats
36 creatures vanquished.

Notes
Turn   | Place    | Note
-------+----------+-------------------------------------------
     0 | D:1      | flotson the Demonspawn Gladiator began the quest for the
                  | Orb.
     0 | D:1      | Reached XP level 1. HP: 16/16 MP: 1/1
   394 | D:1      | Gained mutation: You are surrounded by a mild repulsion
                  | field. (EV +2) [demonic ancestry]
   394 | D:1      | Reached XP level 2. HP: 22/22 MP: 2/2
   707 | D:1      | Found a faded altar of an unknown god.
  1169 | D:2      | Gained mutation: You regenerate a little health from kills.
                  | [demonic ancestry]
  1169 | D:2      | Reached XP level 3. HP: 28/28 MP: 3/3
  1187 | D:2      | Reached skill level 1 in Armour
  1187 | D:2      | HP: 1/28 [poisoned by an adder]
  2477 | D:3      | You fall into a shaft and drop 1 floor!
  2529 | D:4      | Noticed a scorpion
  2545 | D:4      | Slain by a scorpion

Illustrated notes

Levels and vault maps discovered:
D:1:      dpeg_arrival_more_subterranean_lakeside_camping, layout_basic,
          dreamdust_ecumenical_altar_statues
D:2:      layout_basic
D:3:      layout_loops_cross, gammafunk_ghost_arena, serial_shops,
          nicolae_lakefront_shop, serial_glass, glass_columns_a,
          glass_columns_a, glass_columns_b, glass_columns_a, glass_columns_b,
          glass_columns_b, glass_columns_a, glass_columns_a,
          kennysheep_generic_room_8
D:4:      layout_basic, cheibrodos_sewer_entry_drain, roderic_lattice_a,
          bh_walls_and_bars

Skill      XL: |  1  2  3 |
---------------+----------+-----
Throwing       | 2 |  2.3
Axes           | 3 |  3.1
Armour         | 1 |  1.1
Dodging        | 3 |  3.0
Fighting       | |  2.5

Action                   || total
-------------------------++-------
Melee: War axe           ||    74
       Trident           ||    37
Throw: Throwing net      ||     5
  Use: Potion            ||     4
Armor: Ring mail         ||    41
       Leather armour    ||     6
Dodge: Dodged            ||    98

Table legend: (Time is in decaauts)
 A = Elapsed time spent in this place.
 B = Non-inter-level travel time spent in this place.
 C = Inter-level travel time spent in this place.
 D = Time resting spent in this place.
 E = Time spent auto-exploring this place.
 F = Levels seen in this place.
 G = Mean time per level.
                   A        B        C        D        E       F      G
               +--------+--------+--------+--------+--------+-----+--------+
         Total |   2577 |   2501 |     76 |    269 |   1893 |   4 |  644.2 |
       Dungeon |   2577 |   2501 |     76 |    269 |   1893 |   4 |  644.2 |
               +--------+--------+--------+--------+--------+-----+--------+

Top non-repeatable levels by time:
     D:2: 1391 daAuts
     D:1: 1084 daAuts
     D:4: 70 daAuts
     D:3: 31 daAuts
